[Event "Marmaris Karya-18 GM-May 2022"]
[Site "Icmeler-Marmaris"]
[Date "2022.05.12"]
[Round "5.4"]
[White "Ozdemir, Serhan Berat"]
[Black "Odeev, Handszar"]
[Result "1/2-1/2"]
[ECO "C41"]
[WhiteElo "2117"]
[BlackElo "2305"]
[Annotator "TA"]
[PlyCount "104"]
[EventDate "2022.05.11"]
[EventCountry "TUR"]
[SourceTitle "playchess.com"]
[Source "ChessBase"]
[SourceQuality "1"]
[TimeControl "5400+30"]

1. e4 e5 2. Nf3 d6 3. Bc4 Qf6 4. Nc3 c6 5. d4 h6 6. h3 {[%emt 0:01:30] C41: Philidor Defence.} Ne7 7. Be3 {[%emt 0:12:30] [#]} b5 $146 (7... Ng6 $14) ({Predecessor:} 7... Ng6 8. Qd2 b5 9. Bb3 a5 10. a3 Bd7 11. Ne2 a4 12. Ba2 Be7 13. Ng3 Bf8 {1-0 (36) Fancy,S (1950)-Guterres,L (1779) Batumi 2018}) 8. Bb3 {[%emt 0:02:30] White is clearly better.} Nd7 9. a3 a6 10. Qd2 Ng6 11. Ne2 Be7 12. c3 (12. O-O $16) 12... Bb7 ({Black should play} 12... c5 $14) 13. O-O ({Better is} 13. O-O-O $1) 13... Rd8 (13... c5 $142) 14. Rae1 (14. a4 $1 $16) 14... Nb6 $2 (14... c5 $1 $14) 15. Ng3 $1 $18 Nf4 {[%emt 0:00:06][%cal Of4h3] Prevents Nh5.} 16. Bxf4 (16. Nf5 $6 Bc8) 16... Qxf4 17. Qxf4 (17. Qd1 $18 g6 18. Nf5 gxf5 19. g3) 17... exf4 $16 18. Nh5 g5 19. e5 $36 {[%emt 0:03:30][%cal Be4e5,Be5e6][%mdl 2080] Threatens to win with exd6. White is really pushing.} d5 20. e6 $1 {[%emt 0:00:30] Strongly threatening exf7+.} f6 (20... O-O $2 21. exf7+ Rxf7 22. Re6 $18) 21. Nh2 (21. g3 $16) 21... Nc8 (21... a5 $14) 22. g3 {[%emt 0:01:30] White is more active.} Nd6 23. Bc2 {[%emt 0:00:00] Inhibits Ne4. aiming for Bg6+.} Nc4 (23... Rc8 $16 24. gxf4 Kd8) 24. Re2 (24. gxf4 $6 Ra8 $16) 24... Rd6 (24... Rc8 $142 25. gxf4 Kd8) 25. Bf5 Kd8 26. Kg2 c5 27. Ng4 (27. dxc5 d4+ 28. Kg1 Rd5 $11) 27... cxd4 28. cxd4 Rb6 29. Bg6 (29. Ngxf6 Rf8 30. gxf4 gxf4 $17) 29... f5 30. Bxf5 Bc8 (30... Nd6 $142) 31. gxf4 $18 gxf4 32. Nxf4 Rf8 33. Nxh6 Rf6 34. Ng6 $2 (34. Nf7+ $1 $18 Ke8 35. Nh5 $1 (35. Nxd5 Rxf5 36. Nxb6 Nxb6 $16) 35... Rxf5 36. Ng7+ Kf8 37. Nxf5 Rxe6 38. Rxe6 (38. Nxe7 Rxe2 39. Nxc8 Kxf7 $14) 38... Bxe6 39. Nxe7 Bxf7 40. Nc6) 34... Bxe6 $16 35. Nxe7 Rxh6 36. Rxe6 Rbxe6 37. Bxe6 ({Worse is} 37. Nxd5 Rd6 38. Ne3 Rxd4 $15) 37... Rxe6 38. Nxd5 {[%emt 0:00:27][%mdl 4096] Endgame KRN-KRN} Rg6+ 39. Kh2 Nxb2 {[%emt 0:00:12] [#]} 40. Ne3 $1 Kd7 (40... Rg8 $142 41. h4 Nd3) 41. f4 Nc4 {[%emt 0:00:42] [#]} 42. Nxc4 bxc4 $18 {[%emt 0:00:03] KR-KR} 43. f5 $2 (43. Rc1 $18) 43... Rd6 $1 $11 44. f6 {[%emt 0:00:22] f7 would kill now.} Ke8 45. Rd1 Kf7 46. Kg3 Kxf6 47. Kf4 Rb6 ({Black should try} 47... Ke7 $1 $14) 48. Ke4 (48. Rc1 $16) 48... Rb3 {[%emt 0:00:11][%csl LRa3,LRh3] The position is equal.} 49. d5 Rxh3 50. d6 {[%emt 0:00:12] Threatening mate with d7.} Rd3 $1 51. Rxd3 cxd3 52. Kxd3 {[%emt 0:00:21] Intending Kc4 and mate.} Ke6 {[%emt 0:00:02] White really could win this.  Weighted Error Value: White=0.42/Black=0.38} 1/2-1/2

[Event "Marmaris Karya-18 GM-May 2022"]
[Site "Icmeler-Marmaris"]
[Date "2022.05.12"]
[Round "5.5"]
[White "Blesic, Vaso"]
[Black "Inci, Okan"]
[Result "0-1"]
[ECO "B36"]
[WhiteElo "2264"]
[BlackElo "1688"]
[Annotator "TA"]
[PlyCount "106"]
[EventDate "2022.05.11"]
[EventCountry "TUR"]
[SourceTitle "playchess.com"]
[Source "ChessBase"]
[SourceQuality "1"]
[TimeControl "5400+30"]

1. Nf3 c5 2. c4 g6 3. d4 cxd4 4. Nxd4 Nc6 5. e4 Nf6 6. Nc3 d6 7. Be2 Nxd4 8. Qxd4 Bg7 9. Be3 O-O 10. Qd2 Be6 11. O-O Qa5 12. Rac1 Rfc8 13. b3 a6 14. f3 b5 15. Nd5 Qxd2 16. Bxd2 Nxd5 17. cxd5 Bd4+ 18. Kh1 Bd7 {[%emt 0:00:00] B36: Sicilian: Maroczy Bind: Gurgenidze System.} 19. Rxc8+ Rxc8 20. Rc1 {[%emt 0:00:30] Against Rc2} Rxc1+ {[%emt 0:00:00] The position is equal.} 21. Bxc1 $11 {[%emt 0:00:00][%mdl 4096] Endgame KBB-KBB} e6 22. dxe6 Bxe6 {[%emt 0:01:30] [#]} 23. f4 $146 ({Predecessor:} 23. g4 d5 24. Bd3 dxe4 25. Bxe4 a5 26. Bc6 a4 27. Bxb5 axb3 28. axb3 Bxb3 29. Bc6 Kg7 30. Kg2 Be6 {½-½ (30) Kantor,G (2514)-Bakhmatsky,V (2404) Tarvisio 2017}) 23... d5 24. Bf3 dxe4 25. Bxe4 a5 26. g3 Bh3 27. Bg2 Bf5 28. Bd5 (28. Bc6 $11) 28... b4 $17 29. a3 {[%emt 0:00:30] [#]} (29. a4 $17) 29... Bh3 $2 (29... a4 $1 $19 {And now ...bxa3 would win.} 30. Kg2 (30. bxa4 $2 b3 $19) (30. axb4 $2 axb3 31. b5 b2 $19) 30... Bc2 31. bxa4 b3) 30. axb4 $11 axb4 31. f5 (31. Bc4 $11) 31... Bxf5 $17 32. Kg2 Kf8 33. Kf3 Ke7 34. Be3 $2 (34. g4 $17 Be6 35. Ke4) 34... Bxe3 $19 35. Kxe3 {[%emt 0:00:06] [#] KB-KB} Be6 $1 36. Kd4 f5 {[%emt 0:00:30] Hoping for ...Bxd5.} 37. Bxe6 (37. Bf3 $19) 37... Kxe6 {[%emt 0:00:00] KP-KP} 38. Kc5 Ke5 {[%emt 0:00:00] ( -> ...g5)} 39. h4 h6 {[%emt 0:01:30] Black mates.} 40. Kxb4 {[%emt 0:00:17] K3P-K3P} Kd4 41. Ka5 g5 42. hxg5 hxg5 {[%emt 0:00:00] KPP-KPP} 43. b4 f4 44. gxf4 gxf4 {[%emt 0:00:00] KP-KP} 45. b5 Kc5 ({And not} 45... f3 46. b6 $11) 46. b6 Kc6 47. Ka6 f3 48. b7 f2 ({Resist} 48... Kc7 49. Ka7 Kd7 50. b8=Q f2 51. Qf8 Ke6 52. Qxf2 Ke5 53. Qf3) 49. Ka7 f1=Q 50. b8=N+ Kd6 51. Na6 Qb5 52. Nb8 Kc7 53. Na6+ Kc8 {Weighted Error Value: White=0.58/Black=0.18 (very precise)} 0-1

[Event "Marmaris Karya-18 GM-May 2022"]
[Site "Icmeler-Marmaris"]
[Date "2022.05.12"]
[Round "5.5"]
[White "Inci, Okan"]
[Black "Darban, Morteza"]
[Result "0-1"]
[ECO "B36"]
[WhiteElo "1688"]
[BlackElo "2279"]
[Annotator "TA"]
[PlyCount "106"]
[EventDate "2022.05.11"]
[EventCountry "TUR"]
[SourceTitle "playchess.com"]
[Source "ChessBase"]
[SourceQuality "1"]
[TimeControl "5400+30"]

1. Nf3 c5 2. c4 g6 3. d4 cxd4 4. Nxd4 Nc6 5. e4 Nf6 6. Nc3 d6 7. Be2 Nxd4 8. Qxd4 Bg7 9. Be3 O-O 10. Qd2 Be6 11. O-O Qa5 12. Rac1 Rfc8 13. b3 a6 14. f3 b5 15. Nd5 Qxd2 16. Bxd2 Nxd5 17. cxd5 Bd4+ 18. Kh1 Bd7 {[%emt 0:00:00] B36: Sicilian: Maroczy Bind: Gurgenidze System.} 19. Rxc8+ Rxc8 20. Rc1 {[%emt 0:00:30] Against Rc2} Rxc1+ {[%emt 0:00:00] The position is equal.} 21. Bxc1 $11 {[%emt 0:00:00][%mdl 4096] Endgame KBB-KBB} e6 22. dxe6 Bxe6 {[%emt 0:01:30] [#]} 23. f4 $146 ({Predecessor:} 23. g4 d5 24. Bd3 dxe4 25. Bxe4 a5 26. Bc6 a4 27. Bxb5 axb3 28. axb3 Bxb3 29. Bc6 Kg7 30. Kg2 Be6 {½-½ (30) Kantor,G (2514)-Bakhmatsky,V (2404) Tarvisio 2017}) 23... d5 24. Bf3 dxe4 25. Bxe4 a5 26. g3 Bh3 27. Bg2 Bf5 28. Bd5 (28. Bc6 $11 {keeps the balance.}) 28... b4 $17 29. a3 $2 {[%emt 0:00:30] [#]} (29. a4 $15) 29... Bh3 $2 (29... a4 $1 $19 {Threatens to win with ...bxa3.} 30. Kg2 (30. bxa4 $2 b3 $19) (30. axb4 $2 axb3 31. b5 b2 $19) 30... Bc2 31. bxa4 b3) 30. axb4 $11 axb4 31. f5 (31. Bd2 $11 {remains equal.}) 31... Bxf5 $17 32. Kg2 Kf8 33. Kf3 Ke7 34. Be3 $2 (34. g4 $17 Be6 35. Ke4) 34... Bxe3 $19 35. Kxe3 {[%emt 0:00:06] [#] KB-KB} Be6 $1 36. Kd4 f5 37. Bxe6 (37. Bf3 $19 Bxb3 38. Kc5) 37... Kxe6 {[%emt 0:00:00] KP-KP. Black mates.} 38. Kc5 Ke5 39. h4 h6 40. Kxb4 {[%emt 0:00:17] K3P-K3P} Kd4 41. Ka5 g5 42. hxg5 hxg5 {[%emt 0:00:00] KPP-KPP} 43. b4 f4 44. gxf4 gxf4 {[%emt 0:00:00] KP-KP} 45. b5 Kc5 ({Stronger than} 45... f3 46. b6 $11) 46. b6 Kc6 47. Ka6 f3 48. b7 f2 ({But not} 48... Kc7 49. Ka7 Kd7 50. b8=Q f2 51. Qf8 Ke6 52. Qxf2 Ke5 53. Qf3) 49. Ka7 f1=Q 50. b8=N+ Kd6 51. Na6 Qb5 52. Nb8 Kc7 53. Na6+ Kc8 {[%emt 0:00:00] Weighted Error Value: White=0.50/Black=0.14 (very precise)} 0-1

[Event "Marmaris Karya-18 GM-May 2022"]
[Site "Icmeler-Marmaris"]
[Date "2022.05.12"]
[Round "6.2"]
[White "Sevdimaliyev, Urfan"]
[Black "Gunduz, Umut Erdem"]
[Result "1-0"]
[ECO "A13"]
[WhiteElo "2331"]
[BlackElo "2316"]
[Annotator "TA"]
[PlyCount "36"]
[EventDate "2022.05.10"]
[EventType "tourn"]
[EventCountry "TUR"]
[SourceTitle "playchess.com"]
[Source "ChessBase"]
[SourceQuality "1"]
[TimeControl "5400+30"]

1. c4 e6 2. g3 d5 3. Bg2 d4 4. Nf3 Nf6 5. O-O Nc6 6. d3 e5 {[%emt 0:01:30] 6...Bc5 gains popularity. A13: English Opening: 1...e6.} 7. e3 (7. b4 {looks sharper.} Nxb4 8. Nxe5 Bd6 9. Qa4+) 7... Bc5 8. exd4 Nxd4 {[%emt 0:00:00] The position is equal.} 9. Nxd4 Bxd4 10. Nd2 O-O {[%emt 0:01:30] [#]} 11. Nb3 $146 ({Predecessor:} 11. Nf3 Bg4 12. h3 Bxf3 13. Qxf3 c6 14. Re1 Nd7 15. Bd2 a5 16. Rad1 Nc5 17. Bc1 {0-1 (53) Rodrigue Lemieux,S (2334)-Jaracz,P (2459) Chess.com INT 2022}) 11... c6 12. Nxd4 Qxd4 13. Qb3 c5 (13... Bf5 $11 {remains equal.}) 14. Bd2 Qd6 15. Bc3 {[%emt 0:00:30] White is more active.} (15. Rfe1 $16) 15... Ng4 (15... Re8 $14) 16. Rfe1 (16. Bxb7 $2 Rb8 17. Bxc8 Rxb3 18. Bxg4 {[#]} Rxc3 $1 19. bxc3 Qxd3 $19) 16... Nh6 (16... Re8 $142 17. h3 (17. Bxb7 $2 Rb8 $19) 17... Nf6) 17. h3 ({But not} 17. Bxe5 Qd8 18. Qc3 Nf5) ({Not} 17. Bxb7 Bxb7 18. Qxb7 f6 $16) (17. Rxe5 $142 {And now Qa3 would win.} Ng4 18. Rd5) 17... Rb8 $2 {[%emt 0:04:30] [#]} (17... f6) 18. Qa3 $2 (18. Bxe5 Qd8 19. Bxb8 Bxh3 20. Bxa7 Bxg2 21. Kxg2) 18... f6 {[%emt 0:29:50] Weighted Error Value: White=0.59/Black=0.55} 1-0

[Event "Marmaris Karya-18 GM-May 2022"]
[Site "Icmeler-Marmaris"]
[Date "2022.05.12"]
[Round "6.3"]
[White "Odeev, Handszar"]
[Black "Angun, Batu"]
[Result "1-0"]
[ECO "B20"]
[WhiteElo "2305"]
[BlackElo "2326"]
[Annotator "TA"]
[PlyCount "41"]
[EventDate "2022.05.10"]
[EventType "tourn"]
[EventCountry "TUR"]
[SourceTitle "playchess.com"]
[Source "ChessBase"]
[SourceQuality "1"]
[TimeControl "5400+30"]

1. e4 c5 2. b3 Nc6 3. Bb2 d5 4. exd5 Qxd5 5. Nc3 Qd8 6. Bb5 {[%emt 0:00:00] B20: Sicilian: Unusual White 2nd moves.} Nf6 (6... Bd7 $11 {keeps the balance.}) 7. Bxc6+ $16 bxc6 {[%emt 0:00:30] [#]} 8. Qe2 $146 {[%emt 0:02:30] White is better.} ({Predecessor:} 8. Qf3 e6 9. Qxc6+ Bd7 10. Qa6 Be7 11. Nf3 O-O 12. O-O-O Qc7 13. Rhe1 Rab8 14. Ne5 {1-0 (36) Reprintsev,A (2353)-Rodchenkov,V (2330) Chess.com INT 2022}) 8... Bf5 9. O-O-O e6 10. Nf3 Be7 11. Ne5 {[%emt 0:00:30] Against Bg4} Qc7 (11... Bd6 $16) 12. g4 $18 Bd6 13. Nxf7 {[%emt 0:33:30] Pair of Knights!} Bxg4 14. Nxd6+ Qxd6 15. f3 Bf5 16. Ne4 Bxe4 17. fxe4 {[%emt 0:00:30] [#] Hoping for e5.} O-O-O $2 (17... e5 18. Rdf1 O-O) 18. Qc4 $2 (18. e5 Qe7 19. exf6 gxf6 20. Qa6+ Kb8 21. Rhf1) 18... e5 {[%emt 0:00:30] White is clearly better.} 19. Rhg1 Rd7 20. Rg3 Re8 21. Rc3 {[%emt 0:04:30] Black did not feel at home in the position after the opening.  Weighted Error Value: White=0.41/Black=0.61} 1-0

[Event "Marmaris Karya-18 GM-May 2022"]
[Site "Icmeler-Marmaris"]
[Date "2022.05.12"]
[Round "6.4"]
[White "Darban, Morteza"]
[Black "Ozdemir, Serhan Berat"]
[Result "0-1"]
[ECO "B40"]
[WhiteElo "2279"]
[BlackElo "2117"]
[Annotator "TA"]
[PlyCount "70"]
[EventDate "2022.05.10"]
[EventType "tourn"]
[EventCountry "TUR"]
[SourceTitle "playchess.com"]
[Source "ChessBase"]
[SourceQuality "1"]
[TimeControl "5400+30"]

1. e4 c5 2. Nf3 e6 3. g3 Nc6 4. Bg2 g6 5. d4 cxd4 6. Nxd4 {[%emt 0:00:30] B40: Sicilian: 2...e6, Unusual lines.} Qb6 7. Nb3 Bg7 8. O-O {[%emt 0:05:30] White is better.} Nge7 9. c4 O-O 10. Na3 {[%emt 0:09:30] [#]} Qd8 $146 ({Predecessor:} 10... f5 11. Be3 Qd8 12. Qd2 fxe4 13. Bxe4 d5 14. Bg2 d4 15. Bh6 e5 16. Bxg7 Kxg7 {1-0 (30) Drabke,L (2428)-Hoffmann,N (2199) Schwaebisch Gmuend 2005}) 11. Nb5 b6 12. Qe2 Ba6 13. Rd1 Rc8 14. a4 (14. Nd6 $16) 14... f5 (14... Ne5 $11 {keeps the balance.}) 15. Bf4 $16 e5 ({Black should play} 15... fxe4 16. Bxe4 Nf5) 16. Bd2 fxe4 17. Qxe4 Nf5 18. Bc3 Kh8 19. Qd5 Qf6 20. Nd2 Nfe7 21. Qf3 Qe6 ({Black should try} 21... Nf5) 22. Qd3 $1 Nf5 23. Re1 Qe7 {[%emt 0:01:30] Inhibits b4.} 24. b3 Nb4 25. Qe4 (25. Bxb4 $16 Qxb4 26. Nxa7 (26. Qxd7 $2 Bxb5 27. axb5 Rcd8 $19)) 25... Bxb5 26. axb5 {[%emt 0:00:08] aiming for Ra4.} d5 $1 27. Qb1 ({But not} 27. Bxb4 Qxb4 28. Qe2 (28. Qxd5 $2 Rcd8 $19) 28... Nd4 $15) ({Better is} 27. Qe2 $14) 27... e4 $1 $11 28. Bxg7+ Qxg7 29. Ra4 $2 {[%emt 0:00:28] [#]} (29. cxd5 $11 {and White is okay.} Nc2 30. Nxe4) 29... Nd3 $1 $36 {[%emt 0:00:37][%mdl 2048] Black is on the roll.} 30. Rf1 $2 {[%emt 0:02:09] [#]} (30. cxd5 $17 Nxe1 31. Qxe1) 30... Nd4 $1 {[%emt 0:01:50][%cal Bf5d4,Bd4e2,Be2c3][%mdl 32] White must now prevent ...Ne2+.} 31. Bh3 Ne2+ {[%emt 0:00:35] Pair of Knights!} 32. Kg2 Rce8 {[%emt 0:01:45] And now ...Nc3 would win.} 33. Qa1 Nc3 34. Rxa7 Qe5 (34... Qd4 $19 35. Nb1 Rxf2+ 36. Kh1 Rxf1+ 37. Bxf1 Nf2+ 38. Kg2 Nfd1) 35. Nb1 $2 (35. Bd7 $1 $15 Rd8 36. cxd5) 35... Rf6 $4 {[%emt 0:00:46][%mdl 40960] What a bad dream for Black.  Weighted Error Value: White=0.54/Black=0.31. Loss on time!?} 0-1

[Event "Marmaris Karya-18 GM-May 2022"]
[Site "Icmeler-Marmaris"]
[Date "2022.05.12"]
[Round "6.5"]
[White "Blesic, Vaso"]
[Black "Inci, Okan"]
[Result "1-0"]
[ECO "D84"]
[WhiteElo "2264"]
[BlackElo "1688"]
[Annotator "TA RC"]
[PlyCount "42"]
[EventDate "2022.05.10"]
[EventType "tourn"]
[EventCountry "TUR"]
[SourceTitle "playchess.com"]
[Source "ChessBase"]
[SourceQuality "1"]
[TimeControl "5400+30"]

1. d4 Nf6 2. c4 g6 3. Nc3 d5 4. Bf4 Bg7 5. e3 O-O 6. cxd5 Nxd5 7. Nxd5 Qxd5 8. Bxc7 Nc6 {[%emt 0:00:00] [#] And now ...Bf5 would win.} 9. Nf3 {[%emt 0:00:00] D84: Grünfeld: 4 Bf4 Bg7 5 e3 0-0 6 cxd5.} (9. Ne2 $142 $1) 9... Bf5 $11 {[%emt 0:01:30][%mdl 1024] Strongly threatening ...Rfc8. Black has compensation.} 10. Be2 Rac8 11. Bg3 {[%emt 0:00:30] Black is slightly better.} Nb4 (11... Qa5+ $11 12. Qd2 Nb4) 12. O-O $14 Nc2 13. Rc1 Qxa2 14. Qd2 {[%emt 0:20:30] [#]} ({Better is} 14. Bh4 $14) 14... Qxb2 $146 ({Predecessor:} 14... a5 15. Nh4 Nb4 16. Nxf5 gxf5 17. Bf3 Nc6 18. Ra1 Qb3 19. Ra3 Qb4 20. Qxb4 axb4 {1-0 (70) Trkulja,G (2388)-Starcevic,N (2011) Zenica 2013}) 15. Rb1 Qc3 (15... Qa3 $11 {remains equal.}) 16. Rxb7 $16 g5 $2 (16... a5 $16) 17. Qxc3 $18 (17. Rxe7 $6 Qxd2 18. Nxd2 Rfe8 19. Rxe8+ (19. Rxa7 Nxd4 20. Bc4 Be6 $14) 19... Rxe8 $18) 17... Rxc3 18. Rxe7 Be6 19. Bc4 $4 Ra3 $4 ({And not} 19... Rxc4 20. Rxa7 h6 21. Be5) (19... Bxc4 $19 {and all is fine.} 20. Rc7 Na3) 20. d5 a5 $2 (20... Bf6 21. Rc7 (21. dxe6 Bxe7 22. exf7+ Kg7 $16) 21... Bf5) 21. Bh4 $2 (21. dxe6 $18 Bf6 22. exf7+ Kg7 23. Rc7) 21... Ra8 $2 {[%emt 0:00:30][%mdl 8192] Weighted Error Value: White=1.11/Black=0.83} 1-0

[Event "Marmaris Karya-18 GM-May 2022"]
[Site "Icmeler-Marmaris"]
[Date "2022.05.13"]
[Round "7.1"]
[White "Caglar, Sila"]
[Black "Sevdimaliyev, Urfan"]
[Result "1-0"]
[ECO "C41"]
[WhiteElo "2133"]
[BlackElo "2331"]
[Annotator "TA"]
[PlyCount "51"]
[EventDate "2022.05.11"]
[EventCountry "TUR"]
[SourceTitle "playchess.com"]
[Source "ChessBase"]
[SourceQuality "1"]
[TimeControl "5400+30"]

1. e4 e5 2. Nf3 d6 3. d4 exd4 4. Nxd4 Nf6 5. Nc3 Be7 6. Be2 O-O 7. O-O Re8 8. Re1 Nc6 {[%emt 0:03:30] C41: Philidor Defence.} 9. h3 Bd7 10. Bf4 Nxd4 {[%emt 0:02:30] White has an edge.} 11. Qxd4 Bc6 12. Rad1 Nd7 13. Nd5 {[%emt 0:04:30] [#]} Bf8 $146 ({Predecessor:} 13... Nc5 14. Bc1 Bh4 15. Bf3 Ne6 16. Qc4 Bg5 17. Nb4 Bxc1 18. Rxc1 Ng5 19. Qd3 Qf6 20. Nxc6 bxc6 {½-½ (37) Parragi,I (2020)-Horvath,S (2248) Hungary 2017}) 14. b4 a6 15. Bc1 a5 (15... Bxd5 $5 16. Qxd5 c6 $11) 16. a3 (16. b5 $5 Bxd5 17. Qxd5 $14) 16... axb4 17. axb4 Bxd5 18. exd5 c5 (18... Be7 $11 {should be considered.}) 19. Qd2 (19. dxc6 $5 bxc6 20. c4 $16) 19... cxb4 20. Bb5 Rxe1+ 21. Rxe1 Nc5 22. Qxb4 Qb6 {[%emt 0:01:30] [#] Strongly threatening ...Ra5.} 23. Be3 Ra4 $2 24. Qxa4 $1 $18 {[%emt 0:02:30] White is clearly winning.} Nxa4 25. Bxb6 Nxb6 26. c4 {[%emt 0:00:00] Weighted Error Value: White=0.11 (very precise) /Black=0.56} 1-0

[Event "Marmaris Karya-18 GM-May 2022"]
[Site "Icmeler-Marmaris"]
[Date "2022.05.13"]
[Round "7.2"]
[White "Gunduz, Umut Erdem"]
[Black "Odeev, Handszar"]
[Result "1-0"]
[ECO "C41"]
[WhiteElo "2316"]
[BlackElo "2305"]
[Annotator "TA"]
[PlyCount "51"]
[EventDate "2022.05.11"]
[EventCountry "TUR"]
[SourceTitle "playchess.com"]
[Source "ChessBase"]
[SourceQuality "1"]
[TimeControl "5400+30"]

1. e4 e5 2. Nf3 d6 3. d4 exd4 4. Nxd4 Nf6 5. Nc3 Be7 6. Bf4 O-O 7. Qd2 Nc6 8. O-O-O Nxd4 9. Qxd4 Be6 10. f3 a6 11. g4 {[%emt 0:01:30] C41: Philidor Defence.} b5 {[%emt 0:01:30][%cal Bb7b5,Bb5b4][%mdl 32] 11...b5 is better than 11...Nd7.} 12. h4 c5 13. Qd2 {[%emt 0:00:30] White is slightly better.} Qa5 14. Kb1 {[%emt 0:03:30] Strongly threatening Nd5.} (14. Bxd6 $2 Bxd6 15. Qxd6 b4 $19) 14... b4 15. Nd5 Bxd5 (15... Nxd5 $14 16. exd5 Bd7) 16. exd5 $16 Nd7 17. g5 {[%emt 0:04:30] [#]} c4 $146 (17... Ne5 $16 18. Qe2 (18. Bxe5 dxe5 19. h5 Qd8 $16) 18... Qd8) ({Predecessor:} 17... Nb6 18. b3 c4 19. Bxc4 Rfc8 20. Bd3 Kh8 21. Be4 Rc5 22. Be3 Rac8 23. h5 f5 24. h6 fxe4 25. hxg7+ Kg8 26. Qh2 {1-0 (26) Agopov,M (2422)-Kiik,K (2392) Finland 2014}) 18. Bxc4 $18 Rfc8 19. Bd3 Nc5 20. Bf5 {[%emt 0:02:30] This bishop pair is nice.} Rd8 (20... Na4 $142) 21. h5 Na4 22. Qd4 {[%emt 0:01:30] Prevents Nc3+. Threatening mate with h6.} Rab8 $2 (22... Qb6 $18 23. Rhe1 Ra7 24. Qxb6 Nxb6) 23. Ka1 (23. h6 $142 Nc3+ 24. bxc3 bxc3+ 25. Ka1 Qxa2+ 26. Kxa2 Rb2+ 27. Ka1 Bf8 {[#]} 28. Bxh7+ $1 Kh8 29. hxg7+ Bxg7 30. Bf5+ Kg8 31. Qf6 $3 ) 23... Bf8 24. g6 {[%emt 0:01:30][%cal Bg5g6,Bg6f7][%mdl 32] White wants to mate with gxf7+.} Be7 25. gxf7+ Kf8 {[%emt 0:00:52] [#]} 26. Bh6 $1 {[%emt 0:01:30][%mdl 512] White took control after the opening.  Weighted Error Value: White=0.74/Black=1.25} 1-0

[Event "Marmaris Karya-18 GM-May 2022"]
[Site "Icmeler-Marmaris"]
[Date "2022.05.13"]
[Round "7.3"]
[White "Angun, Batu"]
[Black "Darban, Morteza"]
[Result "1/2-1/2"]
[ECO "D63"]
[WhiteElo "2326"]
[BlackElo "2279"]
[Annotator "TA"]
[PlyCount "61"]
[EventDate "2022.05.11"]
[EventCountry "TUR"]
[SourceTitle "playchess.com"]
[Source "ChessBase"]
[SourceQuality "1"]
[TimeControl "5400+30"]

1. d4 Nf6 2. c4 e6 3. Nf3 d5 4. Nc3 Be7 5. Bg5 O-O 6. e3 Nbd7 7. Rc1 a6 8. cxd5 exd5 9. Bd3 c6 10. O-O Re8 11. h3 Nf8 12. Ne5 {[%emt 0:01:30] D63: Queen's Gambit Declined: Classical: 7 Rc1.} Ne4 {[%emt 0:16:30] [#]} 13. Bf4 $146 ({Predecessor:} 13. Bxe7 Qxe7 14. Bxe4 dxe4 15. Nc4 Bf5 16. Qe2 Rad8 17. Rfd1 Qg5 18. Kh2 Ng6 19. Nd2 Rd6 {1-0 (39) Nasirov,I (2142)-Moffat,A (2248) Toronto 2011}) 13... Nd6 14. Bh2 {[%emt 0:09:30] White has an edge.} g6 15. Qb3 Ra7 16. Na4 Nd7 17. Nxd7 Bxd7 18. Nc5 Bc8 19. Qc2 Bf8 20. Rfe1 Bf5 21. Bxf5 Nxf5 22. Qb3 Bd6 23. Bxd6 Nxd6 24. Qc2 Ra8 25. Nd3 Qb6 26. Ne5 Re7 27. Nd3 Rae8 28. Qc5 Qb5 29. Qxd6 Qxd3 30. Qb4 Qb5 31. Ra1 $2 {[%emt 0:00:45][%mdl 40960] Weighted Error Value: White=0.07 (flawless) /Black=0.06 (flawless) . An unexpected result.} 1/2-1/2